 Dungeon Crawl Stone Soup version 0.31-a0-360-gb3e1d13bf4 (webtiles) character file.

Game seed: 11917560542103094102

1516 Hubris850 the Ducker (level 8, -1/62 HPs)
             Began as a Merfolk Gladiator on July 26, 2023.
             Was a Follower of Nemelex Xobeh.
             Succumbed to a killer bee's poison
             ... on level 6 of the Dungeon.
             The game lasted 00:12:24 (5146 turns).

Hubris850 the Ducker (Merfolk Gladiator)            Turns: 5146, Time: 00:12:24

Health: -1/62      AC:  8    Str: 16    XL:     8   Next: 83%
Magic:  11/11      EV: 14    Int:  7    God:    Nemelex Xobeh [*.....]
Gold:   331        SH:  0    Dex: 16    Spells: 7/7 levels left

rFire   . .          .
                       - Unarmed
rCold   . . .        (no shield)
rNeg    . . .        o - +0 ring mail
rPois   .            b - +0 helmet
rElec   .            f - +0 cloak
rCorr   .            i - +0 pair of gloves
SInv    .            (no boots)
Will    +....        t - amulet of the acrobat
Stlth   +            q - ring of willpower
HPRegen 0.30/turn    (no ring)
MPRegen 0.12/turn

%: acrobat
@: lethally poisoned (-1 -> -13), invisible
A: (nimble swimmer 2), mertail
a: Renounce Religion, Draw Escape, Draw Destruction, Draw Summoning


You were on level 6 of the Dungeon.
You worshipped Nemelex Xobeh.
Nemelex Xobeh was aware of your devotion.
You visited 2 branches of the dungeon, and saw 7 of its levels.

You collected 331 gold pieces.

Inventory:

Missiles
 c - a throwing net
 d - a javelin
 r - 2 boomerangs (quivered)
Armour
 a - a +0 leather armour
 b - a +0 helmet (worn)
 f - a +0 cloak (worn)
 i - a +0 pair of gloves (worn)
 l - a +0 kite shield
 o - a +0 ring mail (worn)
Jewellery
 q - a ring of willpower (left hand)
 t - an amulet of the acrobat (around neck)
Wands
 u - a wand of flame (32)
Scrolls
 e - a scroll of blinking {unknown}
 g - a scroll of noise {unknown}
 h - a scroll of immolation {unknown}
 j - 2 scrolls of amnesia {unknown}
 n - 4 scrolls of identify {unknown}
 s - 3 scrolls of enchant armour {unknown}
 x - a scroll of summoning {unknown}
Potions
 k - 2 potions of invisibility
 m - a potion of resistance {unknown}
 p - a potion of brilliance
 v - a potion of curing {unknown}
 w - a potion of mutation {unknown}


   Skills:
 - Level 5.0 Fighting
 + Level 5.6 Throwing
 + Level 7.8 Dodging
 + Level 6.6 Unarmed Combat
 + Level 4.0 Invocations


You had 7 spell levels left.
You didn't know any spells.
Your spell library was empty.

Dungeon Overview and Level Annotations

Branches:
Dungeon (6/15)             Temple (1/1) D:4

Altars:
Cheibriados
Dithmenos
Elyvilon
Fedhas
Gozag
Hepliaklqana
Kikubaaqudgha
Nemelex Xobeh
Okawaru
Qazlal
Ru
Sif Muna
Trog
Vehumet
Xom
Yredelemnul
Zin
The Shining One

Shops:
D:5 =


Innate Abilities, Weirdness & Mutations

((You are very nimble when in or above water. (Stealth+, EV+, Speed+++)))
Your lower body shifts to a powerful aquatic tail in water.


Message History

The killer bee closely misses you.
You draw a card...
You have drawn Vitriol.
Press: ? - help, Shift-Dir - straight line, f - killer bee
Aim: a killer bee (moderately wounded)
The glob of acid hits the killer bee!!
You kill the killer bee!
The deck of cards disappears without a trace.
You feel sick.
Your Invocations skill increases to level 4!
You start resting.
You feel sick. x5
You are no longer poisoned.
You start resting.
Magic restored.
You start resting.
The walls disappear!
You start resting.
A killer bee comes into view.
The killer bee buzzes angrily.
You hit the killer bee.
The killer bee is lightly wounded.
You hear an angry buzzing noise.
The killer bee stings you.
* * * LOW HITPOINT WARNING * * *
You are poisoned.
The killer bee poisons you! The killer bee stings you.
* * * LOW HITPOINT WARNING * * *
You are lethally poisoned!
The killer bee poisons you!
You draw a card...
You have drawn the Tomb.
Walls emerge from the floor!
* * * LOW HITPOINT WARNING * * *
You feel very sick. The killer bee stings you.
* * * LOW HITPOINT WARNING * * *
A killer bee comes into view.
The killer bee closely misses you.
It was a potion of invisibility.
You fade into invisibility!
You die...
Your body glows slightly and disappears.

.##.# ##.....# ###.#
###....#### .##.#
#.........#
..#.#####..###..#.##
...........#_'.....+
..#.#####..###).#.##
.##.## #......##.#
.....# ###....####
###..# ##...y@##
#..# ###y#### ##..#
#.# #...# #.# #.#.#
#y# #.#.# #.# ##.#.#
#y# .....# #. ##.###


You could see 2 killer bees.

Vanquished Creatures
  Sigmund (D:2)
  The ghost of Bill214 the Covered, an amateur HuFi (D:4)
  An ice beast (D:6)
  3 ogres
  A black bear (D:5)
  A centaur (D:6)
  3 scorpions
  3 killer bees (D:6)
  An orc priest (D:4)
  2 jellies (D:6)
  4 hounds
  2 iguanas
  8 adders
  An ufetubus (D:2)
  2 worms
  2 dart slugs
  9 orcs
  6 ball pythons
  6 bats
  6 endoplasms
  2 giant cockroaches
  9 goblins
  8 hobgoblins
  3 jackals (D:4)
  5 quokkas
  9 frilled lizards
  4 kobolds
  4 rats
107 creatures vanquished.

Notes
Turn   | Place    | Note
-------+----------+-------------------------------------------
     0 | D:1      | Hubris850 the Merfolk Gladiator began the quest for the
                  | Orb.
     0 | D:1      | Reached XP level 1. HP: 16/16 MP: 1/1
    76 | D:1      | Reached XP level 2. HP: 22/23 MP: 2/2
   250 | D:1      | Reached XP level 3. HP: 27/28 MP: 3/3
   756 | D:2      | Noticed Sigmund
   780 | D:2      | Killed Sigmund
   781 | D:2      | Reached skill level 5 in Dodging
   781 | D:2      | Reached XP level 4. HP: 23/36 MP: 4/4
   781 | D:2      | Reached XP level 5. HP: 26/41 MP: 5/5
  1396 | D:3      | Found a blossoming altar of Fedhas.
  1477 | D:3      | Found an ancient bone altar of Kikubaaqudgha.
  1955 | D:3      | Reached XP level 6. HP: 25/48 MP: 6/6
  2332 | D:4      | Found a runed translucent door.
  2334 | D:4      | Noticed Bill214's ghost (amateur HuFi)
  2678 | D:4      | Killed Bill214's ghost
  2804 | D:4      | Found an opulent altar of Gozag.
  2849 | D:4      | Found a staircase to the Ecumenical Temple.
  2857 | D:4      | Reached skill level 6 in Dodging
  2857 | D:4      | Reached skill level 5 in Unarmed Combat
  2861 | Temple   | Entered the Ecumenical Temple
  2876 | Temple   | Became a worshipper of Nemelex Xobeh the Trickster
  2947 | D:4      | Reached XP level 7. HP: 49/55 MP: 7/7
  3529 | D:5      | Entered Level 5 of the Dungeon
  3597 | D:5      | Reached skill level 1 in Invocations
  3686 | D:5      | Found a radiant altar of Vehumet.
  3689 | D:5      | Found a sacrificial altar of Ru.
  3974 | D:5      | Reached skill level 5 in Fighting
  3999 | D:5      | Found Meorox's Jewellery Boutique.
  4066 | D:5      | Reached XP level 8. HP: 62/62 MP: 9/9
  4365 | D:6      | Reached * piety under Nemelex Xobeh
  4373 | D:6      | Reached skill level 7 in Dodging
  4521 | D:6      | Reached skill level 5 in Throwing
  4688 | D:6      | Received a gift from Nemelex Xobeh
  5072 | D:6      | Found a shimmering blue altar of Sif Muna.
  5145 | D:6      | HP: 2/62 [killer bee (6)]
  5146 | D:6      | Succumbed to a killer bee's poison

Illustrated notes

Levels and vault maps discovered:
D:1:      dpeg_arrival_shelter, layout_rooms
D:2:      layout_basic, uniq_sigmund
D:3:      layout_basic, mainiacjoe_overflow_alcove_1, amcnicky_altar_gilded
D:4:      layout_loops_ring, grunt_gozag_statues,
          minmay_temple_entry_proselytizer, ebering_ghost_sewer_d
D:5:      layout_rooms, minitemple, serial_shops, nicolae_square_shop,
          minmay_liquid_box
D:6:      layout_loops_corners, kennysheep_mini_moat,
          mainiacjoe_overflow_alcove_4
Temple:   hellmonk_temple_forest_ring

Skill      XL: |  1  2  3  4  5  6  7  8 |
---------------+-------------------------+-----
Fighting       | 3 4 5 |  5.0
Throwing       | 3 4 5 |  5.6
Dodging        | 5 6 7 |  7.8
Unarmed Combat | 4 5 6 |  6.6
Invocations    | 2 4 |  4.0

Action                     |  1- 3 |  4- 6 |  7- 9 || total
---------------------------+-------+-------+-------++-------
  Melee: Unarmed           |    98 |   145 |   199 ||   442
         Punch             |     6 |     6 |     8 ||    20
  Throw: Throwing net      |     3 |     1 |       ||     4
         Javelin           |     1 |     1 |       ||     2
         Boomerang         |       |       |    35 ||    35
 Invoke: Draw Destruction  |       |       |     5 ||     5
         Draw Escape       |       |       |     2 ||     2
    Use: Potion            |       |     4 |     2 ||     6
   Stab: Held in net/web   |       |     1 |       ||     1
 Armour: Leather armour    |    22 |    12 |       ||    34
         Ring mail         |       |    30 |    50 ||    80
  Dodge: Dodged            |    62 |    62 |   132 ||   256

Table legend: (Time is in decaauts)
 A = Elapsed time spent in this place.
 B = Non-inter-level travel time spent in this place.
 C = Inter-level travel time spent in this place.
 D = Time resting spent in this place.
 E = Time spent auto-exploring this place.
 F = Levels seen in this place.
 G = Mean time per level.
                   A        B        C        D        E       F      G
               +--------+--------+--------+--------+--------+-----+--------+
         Total |   5083 |   4881 |    202 |    575 |   3294 |   7 |  726.1 |
       Dungeon |   5053 |   4865 |    188 |    575 |   3294 |   6 |  842.2 |
        Temple |     29 |     15 |     14 |      0 |      0 |   1 |   29.0 |
               +--------+--------+--------+--------+--------+-----+--------+

Top non-repeatable levels by time:
     D:4: 1113 daAuts
     D:3: 1025 daAuts
     D:5: 829 daAuts
     D:2: 813 daAuts
     D:6: 771 daAuts
     D:1: 500 daAuts
  Temple: 29 daAuts
